 Dungeon Crawl Stone Soup version 0.30-a0-1114-gd936c97349 (webtiles) character file.

Game seed: 15185835343458277501

6418 dracfodder the Basher (level 10, 0/63 HPs)
             Began as a Gargoyle Fighter on Apr 20, 2023.
             Was a Believer of Okawaru.
             Slain by a two-headed ogre
             ... wielding a +0 giant spiked club
              (3 damage)
             ... on level 8 of the Dungeon.
             The game lasted 00:33:05 (7031 turns).

dracfodder the Basher (Gargoyle Fighter)            Turns: 7031, Time: 00:33:06

Health: 0/63       AC: 27    Str: 25    XL:     10   Next: 98%
Magic:  11/11      EV:  7    Int: 14    God:    Okawaru [**....]
Gold:   628        SH:  5    Dex:  9    Spells: 9/9 levels left

rFire   . . .      SeeInvis .    a - +1 flail (heavy)
rCold   . . .      Faith    .    c - +0 buckler
rNeg    + . .      Spirit   .    y - +3 plate armour
rPois   ∞          Reflect  .    (no helmet)
rElec   +          Rampage  .    (no cloak)
rCorr   .                        G - +0 pair of gloves
Will    .....                    p - +1 pair of boots Stlth
                                 f - amulet of regeneration
HPRegen 1.10/turn                n - +6 ring of intelligence
MPRegen 0.12/turn                A - +4 ring of slaying

@: no status effects
A: sickness immunity, AC +7, negative energy resistance 1, electricity
resistance, torment resistance 1, petrification resistance
a: Renounce Religion, Heroism


You were on level 8 of the Dungeon.
You worshipped Okawaru.
Okawaru was pleased with you.
You visited 2 branches of the dungeon, and saw 9 of its levels.
You also visited: Bailey.

You collected 652 gold pieces.
You spent 24 gold pieces at shops.

Inventory:

Hand Weapons
 a - a +1 heavy flail (weapon)
 b - a +0 sling of draining
 B - a +1 scimitar of holy wrath
 I - the +4 rapier "Gathraumi" {freeze, +Blink Dex+2}
   (You found it in a bailey)

   Dex:       It affects your dexterity (+2).
   +Blink:    It lets you blink.
 J - a +1 war axe of venom
Missiles
 s - 18 boomerangs (quivered)
 w - 2 throwing nets
Armour
 c - a +0 buckler (worn)
 p - a +1 pair of boots (worn)
 y - a +3 plate armour (worn)
 G - a +0 pair of gloves (worn)
Jewellery
 f - an amulet of regeneration (around neck)
 h - a ring of willpower
 n - a +6 ring of intelligence (left hand)
 q - an amulet of the acrobat
 A - a +4 ring of slaying (right hand)
 D - a ring of positive energy
 E - a ring of see invisible
 K - a +5 ring of evasion
 M - the ring "Vuaptif" {Ice rElec Dex+3 Stlth-}
   (You found it on level 8 of the Dungeon)

   [ring of ice]

   It enhances your ice magic.
   Dex:       It affects your dexterity (+3).
   rF:        It makes you vulnerable to fire.
   rC:        It protects you from cold.
   rElec:     It insulates you from electricity.
   Stlth:     It makes you less stealthy.
Wands
 r - a wand of light (14)
 C - a wand of polymorph (3)
 L - a wand of paralysis (4)
Scrolls
 d - 2 scrolls of teleportation
 l - 2 scrolls of fear
 x - a scroll of blinking
 F - a scroll of fog
 H - a scroll of magic mapping
Potions
 e - a potion of invisibility
 g - 2 potions of curing
 i - 4 potions of brilliance
 j - 2 potions of haste
 k - a potion of ambrosia
 m - 2 potions of resistance
 o - 2 potions of heal wounds
 t - 2 potions of attraction {unknown}
 u - a potion of berserk rage {unknown}
 v - 3 potions of lignification {unknown}
 z - a potion of flight {unknown}


   Skills:
 + Level 7.0 Fighting
 + Level 10.8 Maces & Flails
 + Level 3.9 Ranged Weapons
 + Level 1.5 Throwing
 + Level 8.7 Armour
 + Level 2.3 Dodging
 + Level 1.1 Stealth
 + Level 7.1 Shields
 + Level 1.5 Invocations


You had 9 spell levels left.
You didn't know any spells.
Your spell library contained the following spells:

 Spells                   Type           Power      Damage    Failure   Level
 Apportation              Tloc           0%         N/A       99%         1
 Magic Dart               Conj           0%         1d3       99%         1
 Necrotise                Necr           0%         1d4       99%         1
 Mephitic Cloud           Conj/Pois/Air  0%         N/A       100%        3
 Summon Small Mammal      Summ           Unusable   N/A       N/A         1
 Call Imp                 Summ           Unusable   N/A       N/A         2

Dungeon Overview and Level Annotations

Branches:
Dungeon (8/15)             Temple (1/1) D:6            Lair (0/5) D:8
 Bailey (visited)

Altars:
Ashenzari
Cheibriados
Dithmenos
Elyvilon
Fedhas
Gozag
Hepliaklqana
Kikubaaqudgha
Makhleb
Nemelex Xobeh
Okawaru
Qazlal
Ru
Sif Muna
Trog
Uskayaw
Wu Jian
Xom
Yredelemnul

Shops:
D:1 ?   D:7 :


Innate Abilities, Weirdness & Mutations

You are immune to sickness and miasma.
Your stone body is resilient. (AC +7)
You are immune to poison.
You resist negative energy. (rN+)
You are resistant to electric shocks. (rElec)
You are resistant to unholy torment.
You are immune to petrification.


Message History

Your Fighting skill increases to level 7!
You barely miss the water moccasin.
The water moccasin bites you but does no damage.
You block the water moccasin's attack.
You miss the water moccasin. You block the water moccasin's attack.
The water moccasin bites you!
You hit the water moccasin.
The water moccasin is lightly wounded.
You block the water moccasin's attack.
The water moccasin bites you but does no damage.
You miss the water moccasin.
The water moccasin is lightly wounded.
The water moccasin bites you but does no damage. x2
You hit the water moccasin.
The water moccasin is moderately wounded.
The water moccasin bites you but does no damage. x2
You bludgeon the water moccasin!!
You kill the water moccasin!
Okawaru accepts your kill.
Your Invocations skill increases to level 1!
You closely miss the kobold. You barely miss the two-headed ogre.
The two-headed ogre hits you with a +0 giant spiked club!
You block the two-headed ogre's attack.
You closely miss the two-headed ogre. You block the two-headed ogre's attack.
The two-headed ogre hits you with a +0 giant club!
You barely miss the two-headed ogre.
The two-headed ogre hits you with a +0 giant spiked club!
The two-headed ogre hits you with a +0 giant club.
You sock the two-headed ogre!
The two-headed ogre is moderately wounded.
You completely miss the two-headed ogre.
The two-headed ogre is moderately wounded.
The two-headed ogre hits you with a +0 giant spiked club.
The two-headed ogre hits you with a +0 giant club!!
* * * LOW HITPOINT WARNING * * *
You bludgeon the two-headed ogre!!
The two-headed ogre is severely wounded.
The two-headed ogre hits you with a +0 giant spiked club.
You die...

.....## ######### ..(.##
##........ ...## #..
#......... ...# ##...
#.....$... ..## ##...#
#......[.. .### ##...#
.........
...######....#####........
###.............##KK......
###...........@OKK......
###..........####K......
#........>...## .......
#..............# .......
#...............# #......
................## ......
.................# #....K
.................# .....
.................#


You could see a two-headed ogre and 5 kobolds.

Vanquished Creatures
  A two-headed ogre (D:8)
  A komodo dragon (D:8)
  Maggie (D:6)
  A rime drake (D:8)
  A polar bear (D:8)
  Sigmund (D:6)
  A wyvern (D:8)
  Menkaure (D:5)
  An acid dragon (D:8)
  Edmund (D:6)
  4 water moccasins
  3 black bears
  5 orc warriors
  A sky beast (D:7)
  5 ice beasts
  2 ogres
  A centaur (D:5)
  2 wolves (D:8)
  A phantom (D:5)
  6 kobold brigands
  A gnoll sergeant (D:8)
  3 bullfrogs
  5 scorpions
  4 jellies
  3 hounds
  6 orc priests
  Ijyb (D:3)
  4 iguanas
  6 orc wizards
  16 gnolls
  8 adders
  A shadow imp (D:7)
  A white imp (D:5)
  3 ufetubi
  2 worms (D:2)
  4 dart slugs
  26 orcs
  8 ball pythons
  9 bats
  7 endoplasms
  7 giant cockroaches
  7 goblins
  10 hobgoblins
  10 jackals
  6 quokkas
  5 frilled lizards
  20 kobolds
  12 rats
235 creatures vanquished.

Vanquished Creatures (others)
  A kobold brigand (Bailey)
  An orc (D:3)
2 creatures vanquished.

Grand Total: 237 creatures vanquished

Notes
Turn   | Place    | Note
-------+----------+-------------------------------------------
     0 | D:1      | dracfodder the Gargoyle Fighter began the quest for the
                  | Orb.
     0 | D:1      | Reached XP level 1. HP: 14/14 MP: 1/1
     0 | D:1      | Noticed a gargoyle
     1 | D:1      | Noticed a gargoyle
     3 | D:1      | Noticed a barachi
     6 | D:1      | Noticed a barachi
     7 | D:1      | Noticed a demigod
    11 | D:1      | Noticed a naga
    11 | D:1      | Noticed a minotaur
    13 | D:1      | Noticed an elf
    15 | D:1      | Noticed a merfolk
    15 | D:1      | Noticed a minotaur
    15 | D:1      | Noticed a spriggan
    17 | D:1      | Noticed a vampire
    17 | D:1      | Noticed a barachi
    19 | D:1      | Noticed a merfolk
    21 | D:1      | Noticed a troll
    63 | D:1      | Reached XP level 2. HP: 19/19 MP: 2/2
   282 | D:1      | Found Douzoidwal's Magic Scroll Shoppe.
   298 | D:1      | Reached XP level 3. HP: 16/24 MP: 3/3
   959 | D:1      | Bought a scroll of identify for 24 gold pieces
  1171 | D:2      | Found a shimmering altar of Xom.
  1266 | D:2      | Identified the +1 ring mail of Fabulous Surprise {+Inv rF-
                  | Int+9 Dex-4}
  1320 | D:2      | Reached XP level 4. HP: 29/29 MP: 4/4
  1554 | D:2      | Reached skill level 3 in Maces & Flails
  2249 | D:3      | Noticed Ijyb
  2251 | D:3      | Reached XP level 5. HP: 30/33 MP: 5/5
  2272 | D:3      | Killed Ijyb
  2273 | D:3      | Reached skill level 1 in Dodging
  2966 | D:4      | Reached XP level 6. HP: 28/38 MP: 6/6
  2976 | D:4      | Reached skill level 4 in Maces & Flails
  3146 | D:4      | Reached XP level 7. HP: 18/44 MP: 7/7
  3166 | D:4      | Reached skill level 5 in Maces & Flails
  3490 | D:4      | Reached skill level 5 in Armour
  3503 | D:4      | Found a sparkling altar of Nemelex Xobeh.
  3619 | D:4      | Reached skill level 1 in Ranged Weapons
  3697 | D:5      | Entered Level 5 of the Dungeon
  3716 | D:5      | Noticed Menkaure
  3736 | D:5      | Killed Menkaure
  3737 | D:5      | Reached XP level 8. HP: 46/48 MP: 8/8
  3747 | D:5      | Found a blossoming altar of Fedhas.
  3895 | D:5      | Reached skill level 5 in Fighting
  4002 | D:5      | Reached skill level 6 in Maces & Flails
  4333 | D:5      | Reached skill level 7 in Maces & Flails
  4577 | D:5      | Reached XP level 9. HP: 54/54 MP: 9/9
  4667 | D:5      | Reached skill level 5 in Shields
  4918 | D:6      | Found a staircase to the Ecumenical Temple.
  5048 | D:6      | Reached skill level 8 in Maces & Flails
  5194 | D:6      | Noticed Maggie
  5205 | D:6      | Reached skill level 1 in Throwing
  5212 | D:6      | Killed Maggie
  5355 | D:6      | Noticed Sigmund
  5362 | D:6      | Killed Sigmund
  5377 | D:6      | Noticed Edmund
  5380 | D:6      | Killed Edmund
  5417 | Temple   | Entered the Ecumenical Temple
  5604 | Temple   | Became a worshipper of Warmaster Okawaru
  5651 | D:7      | Found Gavum's Self-Improvement Boutique.
  5656 | D:7      | Reached skill level 9 in Maces & Flails
  5696 | D:7      | Found a flagged portal.
  5724 | Bailey   | Entered a bailey
  5825 | Bailey   | Reached XP level 10. HP: 53/60 MP: 10/10
  5898 | Bailey   | Reached * piety under Okawaru
  5905 | Bailey   | Found a burning altar of Makhleb.
  5919 | Bailey   | Identified the +4 rapier "Gathraumi" {freeze, +Blink Dex+2}
  6026 | D:7      | Found a snail-covered altar of Cheibriados.
  6101 | D:7      | Reached skill level 10 in Maces & Flails
  6520 | D:8      | Noticed a two-headed ogre
  6522 | D:8      | Found a staircase to the Lair.
  6552 | D:8      | Reached ** piety under Okawaru
  6556 | D:8      | HP: 2/61 [polar bear (10)]
  6606 | D:8      | Killed a two-headed ogre
  6607 | D:8      | Reached skill level 1 in Stealth
  6831 | D:8      | Identified the ring "Vuaptif" {Ice rElec Dex+3 Stlth-}
  7018 | D:8      | Noticed a two-headed ogre
  7025 | D:8      | Reached skill level 1 in Invocations
  7030 | D:8      | HP: 2/63 [two-headed ogre/+0 giant spiked club (21)]
  7031 | D:8      | Slain by a two-headed ogre

Illustrated notes

Levels and vault maps discovered:
D:1:      shiori_arrival_whats_in_store_for_you, layout_basic, serial_shops,
          shop, chequers_serial_rivers_room_a, st_stairs_2, minmay_pentomino_t4
D:2:      layout_basic, basic_altar, minmay_rat_gold_closets
D:3:      layout_loops_cross, uniq_ijyb
D:4:      layout_loops_ring, lemuel_doored_altar
D:5:      kennysheep_spiral_hall, layout_loops_ring,
          mainiacjoe_overflow_cross_hatched, chequers_serial_rivers_large_b,
          minmay_fractal_squares_diagonal_5, uniq_menkaure
D:6:      layout_rooms, minmay_temple_entry_glassed_door,
          sigmund_edmund_badplayer, uniq_maggie
D:7:      layout_gridville, nicolae_overflow_hidden_temple, enter_bailey_4,
          nicolae_shop_self_help
D:8:      minmay_chambers_of_sixes, layout_cave_pods, hellmonk_lair_entry_icy
Temple:   regret_index_temple_sphere_string

Skill      XL: |  1  2  3  4  5  6  7  8  9 10 |
---------------+-------------------------------+-----
Maces & Flails | 3 4 5 7 9 10 | 10.8
Armour         | 4 5 6 7 8 |  8.7
Fighting       | 4 5 6 7 |  7.0
Dodging        | 1 2 |  2.3
Shields        | 4 6 7 |  7.1
Ranged Weapons | 2 3 |  3.9
Throwing       | 1 |  1.5
Stealth        | 1 |  1.1
Invocations    | 1 |  1.5

Action                     |  1- 3 |  4- 6 |  7- 9 | 10-12 || total
---------------------------+-------+-------+-------+-------++-------
  Melee: Flail             |    82 |    38 |   230 |   129 ||   479
         Mace              |    76 |   166 |    12 |       ||   254
   Fire: Sling             |       |       |    33 |       ||    33
  Throw: Stone             |       |     5 |       |       ||     5
         Boomerang         |       |     5 |    16 |     5 ||    26
 Invoke: Heroism           |       |       |       |     4 ||     4
    Use: Scroll            |     7 |    10 |     8 |     3 ||    28
         Potion            |       |       |     1 |     3 ||     4
   Stab: Invisible         |       |       |       |     1 ||     1
 Armour: Scale mail        |    88 |   117 |       |       ||   205
         Plate armour      |       |    16 |   236 |   130 ||   382
  Dodge: Dodged            |    86 |   112 |   106 |    59 ||   363
  Block: Buckler           |    44 |    56 |    64 |    54 ||   218

Table legend: (Time is in decaauts)
 A = Elapsed time spent in this place.
 B = Non-inter-level travel time spent in this place.
 C = Inter-level travel time spent in this place.
 D = Time resting spent in this place.
 E = Time spent auto-exploring this place.
 F = Levels seen in this place.
 G = Mean time per level.
                   A        B        C        D        E       F      G
               +--------+--------+--------+--------+--------+-----+--------+
         Total |   7300 |   6974 |    326 |    533 |   4519 |  10 |  730.0 |
       Dungeon |   6826 |   6530 |    296 |    533 |   4282 |   8 |  853.2 |
        Temple |    213 |    183 |     30 |      0 |    164 |   1 |  213.0 |
        Bailey |    260 |    260 |      0 |      0 |     73 |   1 |  260.0 |
               +--------+--------+--------+--------+--------+-----+--------+

Top non-repeatable levels by time:
     D:5: 1251 daAuts
     D:1: 1210 daAuts
     D:2: 1019 daAuts
     D:4: 898 daAuts
     D:3: 705 daAuts
     D:7: 631 daAuts
     D:6: 563 daAuts
     D:8: 546 daAuts
  Bailey: 260 daAuts
  Temple: 213 daAuts
